Map: 2000 Atmospheres LE

Players

maru - Winner!

  • Race: Terran Terran

Probe

  • Race: Protoss Protoss

Event: DreamHack SC2 Masters 2021 Summer

VOD

Have the link to the VOD?

Description

Time

  • Played on: July 1, 2021, 10:15 a.m.
  • Length: 6:29

All games in this series

Show
View Real Time Build Order
Export as new Build Order

maru Terran - Winner!

Build Orders:  

Get SALT Encoding   

  12  0:00  SCV  
  13  0:12  SCV  
  14  0:17  Supply Depot  
  14  0:24  SCV  
  15  0:39  SCV, Barracks  
  16  0:43  Refinery  
  16  0:51  SCV  
  17  1:03  SCV  
  18  1:15  SCV  
  19  1:27  Orbital Command, Marine  
  20  1:43  Command Center  
  20  1:47  Barracks Reactor  
  20  1:54  SCV  
  20  2:00  Supply Depot  
  21  2:06  SCV  
  22  2:10  Factory  
  22  2:18  SCV  
  23  2:24  Marine x2  
  23  2:25  Bunker  
  25  2:30  Refinery  
  25  2:32  SCV  
  26  2:43  Marine  
  26  2:44  SCV, Marine  
  29  2:56  Starport, SCV  
  30  2:58  Orbital Command  
  30  3:02  Factory Tech Lab  
  30  3:08  Marine x2  
  30  3:12  SCV  
  33  3:21  Siege Tank  
  33  3:26  Marine, Supply Depot  
  37  3:28  Marine  
  37  3:32  SCV  
  39  3:34  Medivac  
  39  3:37  SCV  
  42  3:43  Supply Depot  
  42  3:45  Marine x2  
  44  3:49  SCV  
  44  3:52  SCV  
  46  3:57  Cyclone  
  46  4:01  SCV  
  50  4:03  Marine x2  
  50  4:05  Starport Tech Lab  
  50  4:08  SCV  
  53  4:11  Supply Depot  
  53  4:13  SCV  
  52  4:20  SCV  
  52  4:21  Marine x2  
  54  4:25  SCV  
  53  4:32  SCV  
  53  4:37  Bunker  
  54  4:40  Bunker  
  54  4:42  SCV  
  56  4:45  SCV  
  54  4:54  SCV  
  54  4:55  Marine x2  
  54  4:57  SCV  
  53  5:06  SCV  
  50  5:08  Siege Tank  
  50  5:09  SCV  
  50  5:13  Marine x2  
  56  5:14  Raven  
  56  5:18  SCV  
  59  5:22  SCV  
  59  5:30  SCV, Marine  
  59  5:31  Marine  
  59  5:33  Barracks  
  59  5:34  SCV  
  63  5:36  Barracks, Supply Depot  
  63  5:40  Siege Tank  
  63  5:42  SCV  
  67  5:46  SCV  
  67  5:48  Marine x2  
  70  5:51  Refinery  
  70  5:52  Engineering Bay  
  70  5:57  SCV  
  70  5:58  SCV, Supply Depot  
  72  6:06  Marine x2  
  72  6:09  SCV  
  75  6:17  SCV  
Show
View Real Time Build Order
Export as new Build Order

Probe Protoss 

Build Orders: 1 Gate Expand, Oracle Opening 

Get SALT Encoding   

  12  0:00  Probe  
  13  0:12  Probe  
  14  0:17  Pylon  
  14  0:24  Probe (Chrono Boost)  
  15  0:36  Probe (Chrono Boost), Gateway  
  16  0:44  Probe (Chrono Boost)  
  16  0:45  Assimilator  
  17  0:51  Probe  
  18  1:03  Probe  
  19  1:15  Probe  
  20  1:23  Cybernetics Core  
  20  1:31  Nexus  
  20  1:34  Probe  
  21  1:43  Pylon  
  21  1:49  Probe  
  22  1:59  Adept (Chrono Boost)  
  22  2:01  Probe, Assimilator  
  25  2:13  Probe  
  26  2:21  Adept  
  28  2:25  Probe (Chrono Boost)  
  29  2:35  Stargate  
  29  2:36  Probe (Chrono Boost)  
  30  2:42  Probe (Chrono Boost)  
  30  2:43  Warp Gate  
  31  2:45  Probe (Chrono Boost)  
  32  2:51  Adept  
  32  2:55  Probe (Chrono Boost)  
  32  2:56  Probe (Chrono Boost)  
  36  2:59  Probe (Chrono Boost)  
  36  3:04  Probe  
  38  3:11  Probe  
  39  3:16  Probe  
  39  3:17  Oracle (Chrono Boost)  
  43  3:23  Probe  
  43  3:25  Pylon  
  44  3:28  Probe  
  44  3:30  Nexus  
  45  3:35  Probe  
  46  3:43  Probe  
  46  3:45  Gateway x2  
  46  3:47  Probe  
  48  3:54  Oracle  
  49  3:55  Probe  
  49  3:59  Probe  
  51  4:02  Assimilator  
  51  4:05  Pylon  
  51  4:08  Probe  
  51  4:09  Twilight Council  
  52  4:11  Probe  
  53  4:20  Probe  
  53  4:23  Shield Battery  
  53  4:24  Probe  
  55  4:31  Pylon  
  55  4:32  Probe  
  55  4:36  Probe  
  55  4:37  Assimilator  
  57  4:41  Pylon, Stalker  
  57  4:44  Probe  
  57  4:45  Probe  
  61  4:50  Probe  
  49  4:56  Probe  
  49  4:57  Probe  
  41  5:02  Probe  
  41  5:04  Stalker x2  
  38  5:08  Probe (Chrono Boost)  
  38  5:10  Probe (Chrono Boost)  
  38  5:14  Probe (Chrono Boost)  
  39  5:15  Stalker  
  39  5:20  Probe (Chrono Boost)  
  43  5:22  Probe (Chrono Boost)  
  43  5:25  Probe (Chrono Boost)  
  45  5:28  Probe (Chrono Boost)  
  45  5:29  Probe (Chrono Boost), Shield Battery  
  45  5:31  Probe (Chrono Boost)  
  45  5:34  Probe  
  45  5:35  Stalker  
  45  5:38  Probe  
  45  5:40  Stalker  
  48  5:45  Pylon  
  48  5:49  Probe  
  50  5:53  Gateway  
  50  5:56  Dark Shrine  
  49  6:00  Probe x2  
  51  6:07  Stalker  
  52  6:13  Probe  
  52  6:16  Probe  
Tags
 
Add a new tag
Caveats
  • Supply blocks, unpowered buildings, or Contaminate may cause inaccurate times.
  • Supply counts are checked every 10 seconds.